 Dungeon Crawl Stone Soup version 0.26-b1-32-g5d43845 (webtiles) character file.

Game seed: 4668810823804578015

78 arb the Stinger (level 4, 0/36 HPs)
             Began as a Naga Venom Mage on Jan 12, 2021.
             Succumbed to an adder's poison
             ... on level 3 of the Dungeon.
             The game lasted 00:03:53 (1339 turns).

arb the Stinger (Naga Venom Mage)                   Turns: 1339, Time: 00:03:54

Health: 0/36       AC:  3    Str: 11    XL:     4   Next: 36%
Magic:  2/7        EV:  9    Int: 16    God:
Gold:   38         SH:  0    Dex: 11    Spells: 3/7 levels left

rFire    . . .     SeeInvis +   k - +0 short sword
rCold    . . .     Faith    .   (no shield)
rNeg     . . .     Spirit   .   e - +0 leather armour
rPois    +         Reflect  .   (no helmet)
rElec    .         Harm     .   f - +0 cloak
rCorr    .         Rampage  .   (no gloves)
Will     .....                  (no barding)
Stlth    ++........             (no amulet)
HPRegen  0.12/turn              (no ring)
MPRegen  0.10/turn              (no ring)

@: lethally poisoned (0 -> -2), very slightly contaminated, invisible, very slow
A: large, see invisible, deformed body, poison resistance, slowness 2, spit
poison 1, AC +1
a: Spit Poison


You were on level 3 of the Dungeon.
You visited 1 branch of the dungeon, and saw 3 of its levels.

You collected 38 gold pieces.

Inventory:

Hand Weapons
 b - a +0 club
 g - a +0 dagger
 k - a +0 short sword (weapon)
Missiles
 i - 49 arrows
Armour
 a - a +0 robe
 e - a +0 leather armour (worn)
 f - a +0 cloak (worn)
Scrolls
 d - 3 scrolls of remove curse {unknown}
 h - a scroll of random uselessness {unknown}
 j - a scroll of identify {unknown}
 m - a scroll of teleportation {unknown}
 n - a scroll of amnesia {unknown}
Potions
 l - a potion of heal wounds {unknown}


   Skills:
 + Level 0.4 Short Blades
 - Level 1.5 Dodging
 - Level 3.0 Stealth
 - Level 2.0 Spellcasting
 * Level 1.4 Conjurations
 - Level 1.0 Transmutations
 * Level 0.6 Air Magic
 - Level 6.0 Poison Magic


You had 3 spell levels left.
You knew the following spells:

 Your Spells              Type           Power        Failure   Level
a - Sting                 Tmut/Pois      48%          6%          1
b - Mephitic Cloud        Conj/Pois/Air  10%          26%         3

Your spell library contained the following spells:

 Spells                   Type           Power        Failure   Level
 Poisonous Vapours        Pois/Air       24%          11%         2
 Ignite Poison            Fire/Tmut/Pois 9%           30%         3
 Olgreb's Toxic Radiance  Pois           20%          22%         4


Dungeon Overview and Level Annotations

Branches:
Dungeon (2/15)

Altars:


Innate Abilities, Weirdness & Mutations

You cannot wear boots.
Your serpentine skin is tough. (AC +1)
You have supernaturally acute eyesight. (SInv)
Armour fits poorly on your strangely shaped body.
Your system is resistant to poisons. (rPois)
You cover ground very slowly.
You can spit poison.


Message History

Aiming: Sting (safe; 6% risk of failure)
Press: ? - help, Shift-Dir - straight line, f/p - adder
Aim: an adder (47% to evade)
The sting hits the adder.
The adder is poisoned.
The adder is moderately wounded.
The adder bites you.
* * * LOW HITPOINT WARNING * * *
Unknown command.
Casting: Sting (safe; 6% risk of failure)
Confirm with . or Enter, or press ? or * to list all spells.
Aiming: Sting (safe; 6% risk of failure)
Press: ? - help, Shift-Dir - straight line, f/p - adder
Aim: an adder (moderately wounded, poisoned, 47% to evade)
You miscast Sting.
Nothing appears to happen.
The adder barely misses you. The adder bites you.
* * * LOW HITPOINT WARNING * * *
Unknown command.
It was a potion of invisibility.
You fade into invisibility!
You die...

..###..
#........†##.#
.....##.#
#.........####
#.......# #.........#
##......###.#.....#.#
#........##.#######.#
............# #..
...>........# ....
.........##.###
......S@........
#.......###.....
......... ###...#
.......... .#..#
.........## ###.#
.......... ..
..........
#..........


You could see an adder (poisoned).

Vanquished Creatures
  A howler monkey (D:3)
  A dart slug (D:3)
  3 leopard geckos (D:1)
  2 bats (D:1)
  4 giant cockroaches
  3 goblins
  6 hobgoblins
  3 frilled lizards (D:1)
  8 kobolds
  3 rats (D:1)
34 creatures vanquished.

Vanquished Creatures (others)
  3 plants
3 creatures vanquished.

Grand Total: 37 creatures vanquished

Notes
Turn   | Place    | Note
-------+----------+-------------------------------------------
     0 | D:1      | arb the Naga Venom Mage began the quest for the Orb.
     0 | D:1      | Reached XP level 1. HP: 15/15 MP: 3/3
   187 | D:1      | Reached XP level 2. HP: 22/22 MP: 1/5
   456 | D:1      | Reached skill level 5 in Poison Magic
   619 | D:1      | Reached XP level 3. HP: 27/28 MP: 4/6
   920 | D:1      | Learned a level 3 spell: Mephitic Cloud
  1241 | D:2      | You fall into a shaft and drop 1 floor!
  1271 | D:3      | Reached skill level 1 in Conjurations
  1271 | D:3      | Reached skill level 6 in Poison Magic
  1271 | D:3      | Reached XP level 4. HP: 8/36 MP: 1/7
  1338 | D:3      | HP: 1/36 [adder (2)]
  1339 | D:3      | Succumbed to an adder's poison

Illustrated notes

Levels and vault maps discovered:
D:1:      denvon_arrival_planthouse, layout_basic
D:2:      layout_basic, lemuel_crystal_altar, okawaru_ov_weapons_minmay,
          uniq_sigmund
D:3:      layout_rooms, marbit_many_paths, portal_sewer_entry_f,
          chequers_ecumenical_altar_lobes, nemelex_diamond_rough_becter

Skill      XL: |  1  2  3 |
---------------+----------+-----
Poison Magic   | 5 6 |  6.0
Conjurations   | 1 |  1.4
Short Blades   | |  0.4
Dodging        | |  1.5
Stealth        | |  3.0
Spellcasting   | |  2.0
Transmutations | |  1.0
Air Magic      | |  0.6

Action                   |  1- 3 |  4- 6 || total
-------------------------+-------+-------++-------
Melee: Club              |     5 |       ||     5
       Unarmed           |     1 |       ||     1
       Dagger            |    12 |       ||    12
       Short sword       |    22 |     8 ||    30
 Cast: Sting             |    37 |     4 ||    41
 Abil: Spit Poison       |     3 |       ||     3
  Use: Potion            |       |     1 ||     1
 Stab: Sleeping          |     1 |       ||     1
Armor: Leather armour    |    20 |     5 ||    25
Dodge: Dodged            |    39 |    13 ||    52
